 Dungeon Crawl Stone Soup version 0.24.0-10-g970556be89 (console) character file.

Game seed: 10304109573251354516, levelgen mode: deterministic

406 AlterAsc the Changer (level 6, 0/52 HPs)
             Began as a Draconian Transmuter on Nov 4, 2019.
             Slain by a wraith (5 damage)
             ... in an ossuary.
             The game lasted 00:11:01 (3844 turns).

AlterAsc the Changer (Draconian Transmuter)         Turns: 3844, Time: 00:11:02

Health: 0/52       AC:  6    Str: 14    XL:     6   Next: 56%
Magic:  7/9        EV: 12    Int: 14    God:
Gold:   111        SH:  0    Dex: 11    Spells: 6/9 levels left

rFire    . . .     SeeInvis .     - Unarmed
rCold    . . .     Gourm    .   (no shield)
rNeg     . . .     Faith    .   (armour unavailable)
rPois    .         Spirit   .   (helmet restricted)
rElec    .         Reflect  .   (no cloak)
rCorr    .         Harm     .   (no gloves)
MR       .....                  (boots currently unavailable)
Stlth    +.........             g - amulet of magic regeneration
HPRegen  0.17/turn              (no ring)
MPRegen  0.36/turn              (no ring)

@: appendage, slowed, very slow
A: unfitting armour, talons 3, cold-blooded, AC +6
a: End Transformation


You were in an ossuary.
You were very hungry.
You had grown temporary talons.
You visited 1 branch of the dungeon, and saw 4 of its levels.
You also visited: Ossuary.

You collected 111 gold pieces.

Inventory:

Missiles
 a - 7 arrows
 k - 84 stones (quivered)
Jewellery
 g - an amulet of magic regeneration (around neck)
Wands
 d - a wand of scattershot (6)
Scrolls
 b - a scroll of remove curse {unknown}
 f - 6 scrolls of identify {unknown}
 i - a scroll of fog {unknown}
 l - 3 scrolls of amnesia {unknown}
 n - a scroll of random uselessness {unknown}
 o - a scroll of teleportation {unknown}
 r - a scroll of enchant weapon {unknown}
 t - a scroll of blinking {unknown}
Potions
 e - a potion of curing {unknown}
 h - a potion of ambrosia {unknown}
 j - a potion of magic {unknown}
 m - 2 potions of berserk rage {unknown}
 p - a potion of lignification {unknown}
 q - a potion of might {unknown}
 s - a potion of invisibility {unknown}
Comestibles
 c - 4 rations


   Skills:
 + Level 3.7 Fighting
 - Level 1.7 Dodging
 + Level 4.5 Unarmed Combat
 - Level 2.0 Spellcasting
 * Level 5.2 Transmutations


You had 6 spell levels left.
You knew the following spells:

 Your Spells              Type           Power        Failure   Level  Hunger
a - Beastly Appendage     Tmut           ###...       2%          1    ##.....
b - Sticks to Snakes      Tmut           ###.....     4%          2    ###....

Your spell library contained the following spells:

 Spells                   Type           Power        Failure   Level  Hunger
 Spider Form              Tmut/Pois      #.........   24%         3    ####...
 Blade Hands              Tmut           ###.......   61%         5    ######.
 Ice Form                 Ice/Tmut       #.......     63%         4    #####..


Dungeon Overview and Level Annotations

Branches:
Dungeon (4/15)            Ossuary (1/1)
 Temple: D:4-7

Altars:
Makhleb
Vehumet

Annotations:
D:4 1 transporter


Innate Abilities, Weirdness & Mutations

Your plain brown scales are hard. (AC +6)
You cannot fit into any form of body armour.
You are cold-blooded and may be slowed by cold attacks.
You have claws for feet.


Message History

The wraith hits you!
Your ball python bites the wraith but does no damage.
You hit the wraith but do no damage.
The wraith is moderately damaged.
The wraith barely misses you.
Your ball python misses the wraith.
The wraith hits you!
* * * LOW HITPOINT WARNING * * *
The wraith drains your vigour!
You feel as though you will be slow longer.
Casting: Beastly Appendage (safe; 2% risk of failure)
Confirm with . or Enter, or press ? or * to list all spells.
You create a snake!
You now have 7 arrows.
You are feeling very hungry.
The wraith hits you!
* * * LOW HITPOINT WARNING * * *
The wraith drains your vigour!
You feel as though you will be slow longer.
Your ball python bites the wraith but does no damage.
The wraith hits you.
You die...

#####+#####
#.....W@..##
#...##S##.S.## .
.##..W##...## .. .
##.?!..##...# ... ..
#.!!!.?.#...+ ....
...##..?..##...#
....##...##...##...##
.....##...#####...##
......##.........##..


You could see a wraith and 2 friendly ball pythons.

Vanquished Creatures
  A howler monkey (D:4)
  4 hounds
  A worker ant (D:4)
  A mummy (Ossuary)
  A gnoll (D:1)
  2 adders
  An ooze (D:1)
  2 worms
  4 dart slugs
  A leopard gecko (D:2)
  3 orcs (D:3)
  A ball python (D:2)
  8 giant cockroaches
  8 goblins
  14 hobgoblins
  3 jackals (D:2)
  13 kobolds
  12 bats
  3 frilled lizards
  5 gnoll skeletons (Ossuary)
  3 kobold skeletons (Ossuary)
  A kobold zombie (D:4)
  An orc skeleton (Ossuary)
  9 rats
102 creatures vanquished.

Vanquished Creatures (collateral kills)
  An ogre (D:4)
  A howler monkey (D:4)
  A mummy (D:4)
  An adder (D:4)
  2 gnoll skeletons (Ossuary)
  2 kobold skeletons (Ossuary)
8 creatures vanquished.

Vanquished Creatures (others)
  4 plants (D:4)
4 creatures vanquished.

Grand Total: 114 creatures vanquished

Notes
Turn   | Place    | Note
-------+----------+-------------------------------------------
     0 | D:1      | AlterAsc the Draconian Transmuter began the quest for the
                  | Orb.
     0 | D:1      | Reached XP level 1. HP: 16/16 MP: 3/3
   109 | D:1      | Reached XP level 2. HP: 17/23 MP: 3/5
   568 | D:1      | Reached XP level 3. HP: 9/29 MP: 4/6
   869 | D:1      | Reached skill level 3 in Transmutations
  1384 | D:2      | Learned a level 2 spell: Sticks to Snakes
  1581 | D:2      | Reached XP level 4. HP: 36/36 MP: 7/7
  1875 | D:2      | Found a burning altar of Makhleb.
  2187 | D:3      | Found a radiant altar of Vehumet.
  2329 | D:3      | Reached XP level 5. HP: 42/42 MP: 8/8
  2379 | D:3      | Reached skill level 4 in Transmutations
  3064 | D:4      | Found a transporter.
  3251 | D:4      | Reached XP level 6. HP: 21/51 MP: 7/9
  3421 | D:4      | Reached skill level 5 in Transmutations
  3504 | D:4      | Found a sand-covered staircase.
  3512 | Ossuary  | Entered an ossuary
  3512 | Ossuary  | Noticed a wraith
  3512 | Ossuary  | Noticed a wraith
  3512 | Ossuary  | Noticed a wraith
  3820 | Ossuary  | Noticed a wraith
  3844 | Ossuary  | Slain by a wraith

Levels and vault maps discovered:
D:1:      minmay_arrival_hallway, layout_basic
D:2:      layout_loops_cross, makhleb_blood_cavern_becter
D:3:      layout_basic, vehumet_crystals, nrook_mini_backslash, minmay_quantized
D:4:      layout_basic, minmay_temple_entry_offerings,
          gammafunk_ghost_gnarly_gnolls, serial_shops,
          nicolae_shop_competitors_out_of_business, nicolae_ossuary_entry_giza,
          first_ration, grunt_ministairs_6
Ossuary:  ossuary_due_mausoleum

Skill      XL: |  1  2  3  4  5  6 |
---------------+-------------------+-----
Transmutations | 3 4 5 |  5.2
Fighting       | 2 3 |  3.7
Unarmed Combat | 4 |  4.5
Dodging        | |  1.7
Spellcasting   | |  2.0

Action                   |  1- 3 |  4- 6 || total
-------------------------+-------+-------++-------
Melee: Unarmed           |   119 |   234 ||   353
       Tailslap          |    12 |    19 ||    31
       Headbutt          |     7 |    16 ||    23
       Kick              |     9 |    19 ||    28
       Punch             |       |     4 ||     4
Throw: Stone             |       |     1 ||     1
 Cast: Beastly Appendage |    17 |    27 ||    44
       Sticks to Snakes  |       |    18 ||    18
  Eat: Chunk             |     3 |     8 ||    11
Armor: Skin              |    40 |    62 ||   102
Dodge: Dodged            |    76 |   163 ||   239
